 Dungeon Crawl Stone Soup version 0.29-a0-617-g7a6b98fccd (webtiles) character file.

Game seed: 16866993659896494203

8913 greenreed the Summoner (level 11, -2/81 HPs)
             Began as a Gnoll Summoner on June 17, 2022.
             Was a Priest of Nemelex Xobeh.
             Shot with an arrow by a centaur warrior (13 damage)
             ... on level 13 of the Dungeon.
             The game lasted 01:19:36 (12920 turns).

greenreed the Summoner (Gnoll Summoner)            Turns: 12920, Time: 01:19:36

Health: -2/81      AC: 11    Str:  7    XL:     11   Next: 38%
Magic:  23/23      EV:  4    Int: 20    God:    Nemelex Xobeh [***...]
Gold:   283        SH:  4    Dex: 12    Spells: 4/26 levels left

rFire   + . .      SeeInvis .   C - +1 hand crossbow (freeze)
rCold   . . .      Faith    +   (no shield)
rNeg    . . .      Spirit   .   h - +0 chain mail of the Frog {Fly rPois rF+ Slay-6}
rPois   +          Reflect  .   (no helmet)
rElec   .          Harm     .   (no cloak)
rCorr   .          Rampage  .   (no gloves)
Will    .....                   i - +0 pair of boots
Stlth   ..........              k - amulet of faith
HPRegen 0.00/turn               A - ring of wizardry
MPRegen 0.18/turn               F - ring of wizardry

@: flying, inhibited regen
A: fangs 1, strong nose, distributed training, talons 1, large bone plates 1,
sense surroundings 1, inhibited regeneration
a: Renounce Religion, Draw Escape, Draw Destruction, Draw Summoning, Triple Draw


You were on level 13 of the Dungeon.
You worshipped Nemelex Xobeh.
Nemelex Xobeh was most pleased with you.
You visited 2 branches of the dungeon, and saw 12 of its levels.
You also visited: Ossuary and Bailey.

You collected 1179 gold pieces.
You spent 896 gold pieces at shops.

Inventory:

Hand Weapons
 n - a +3 quarterstaff
 o - the +8 hand axe of the Tundras {drain, rN+ rCorr}
   (You found it on level 2 of the Dungeon)

   A truly terrible weapon, it drains the life of any living foe it strikes.
   rN:        It protects you from negative energy.
   rCorr:     It protects you from acid and corrosion.
 p - a +0 long sword of holy wrath
 w - the +5 dagger of Rokyepp {flame, Dex+4}
   (You found it on level 3 of the Dungeon)

   It burns those it strikes, dealing additional fire damage.
   Dex:       It affects your dexterity (+4).
 C - a +1 hand crossbow of freezing (weapon)
Missiles
 m - 3 javelins
 u - 14 poisoned darts
 L - 2 silver boomerangs
 M - a throwing net
Armour
 a - a +0 robe
 h - the +0 chain mail of the Frog (worn) {Fly rPois rF+ Slay-6}
   (You found it in a bailey)

   Slay:      It affects your accuracy & damage with ranged weapons and melee
   (-6).
   rF:        It protects you from fire.
   rPois:     It protects you from poison.
   Fly:       It grants you flight.
 i - a +0 pair of boots (worn)
 q - a +0 robe of resistance
 D - a +1 ring mail of fire resistance
Jewellery
 k - an amulet of faith (around neck)
 A - a ring of wizardry (left hand)
 B - an amulet of regeneration
 F - a ring of wizardry (right hand)
Wands
 t - a wand of iceblast (29)
 I - a wand of charming (4)
Scrolls
 d - 2 scrolls of immolation
 e - 4 scrolls of teleportation
 g - 2 scrolls of fog
 j - 5 scrolls of enchant weapon
 r - a scroll of fear {unknown}
 v - a scroll of summoning
 x - 5 scrolls of poison
 y - 3 scrolls of blinking
 E - a scroll of torment {unknown}
 G - a scroll of vulnerability {unknown}
 K - a scroll of silence {unknown}
 P - a scroll of magic mapping {unknown}
Potions
 b - 3 potions of magic
 c - 8 potions of curing
 f - 4 potions of might
 l - 2 potions of invisibility {unknown}
 s - a potion of resistance
 z - 4 potions of brilliance
 H - 2 potions of heal wounds
 J - a potion of berserk rage
 N - a potion of cancellation {unknown}
 O - a potion of flight
Miscellaneous
 Q - a phial of floods


   Skills:
 + Level 6.2 Fighting
 + Level 6.2 Short Blades
 + Level 6.2 Long Blades
 + Level 6.2 Axes
 + Level 6.2 Maces & Flails
 + Level 6.2 Polearms
 + Level 6.2 Staves
 + Level 6.2 Slings
 + Level 6.2 Bows
 + Level 6.2 Crossbows
 + Level 6.2 Throwing
 + Level 6.2 Armour
 + Level 7.8 Dodging
 + Level 7.6 Stealth
 + Level 6.2 Shields
 + Level 6.2 Unarmed Combat
 + Level 8.1 Spellcasting
 + Level 5.1 Conjurations
 + Level 5.1 Hexes
 + Level 8.9 Summonings
 + Level 5.1 Necromancy
 + Level 5.1 Translocations
 + Level 5.1 Transmutations
 + Level 5.1 Fire Magic
 + Level 5.1 Ice Magic
 + Level 5.1 Air Magic
 + Level 5.1 Earth Magic
 + Level 5.1 Poison Magic
 + Level 6.8 Invocations
 + Level 6.2 Evocations


You had 4 spell levels left.
You knew the following spells:

 Your Spells              Type           Power      Damage    Failure   Level
a - Summon Small Mammal   Summ           100%       N/A       9%          1
b - Call Imp              Summ           43%        N/A       13%         2
c - Call Canine Familiar  Summ           43%        N/A       24%         3
d - Summon Guardian Gole  Hex/Summ       36%        N/A       45%         3
e - Summon Lightning Spi  Summ/Air       36%        N/A       83%         4
f - Portal Projectile     Hex/Tloc       56%        N/A       71%         3
g - Tukima's Dance        Hex            28%        N/A       71%         3
h - Inner Flame           Hex/Fire       28%        N/A       71%         3

Your spell library contained the following spells:

 Spells                   Type           Power      Damage    Failure   Level
 Apportation              Tloc           56%        N/A       36%         1
 Beastly Appendage        Tmut           56%        N/A       36%         1
 Necrotize                Necr           100%       1d9       36%         1
 Static Discharge         Conj/Air       28%        N/A       50%         2
 Wereblood                Tmut           28%        N/A       50%         2
 Spider Form              Tmut/Pois      28%        N/A       71%         3
 Airstrike                Air            14%        N/A       97%         4
 Cause Fear               Hex            14%        N/A       97%         4
 Fulminant Prism          Conj/Hex       14%        3d9       97%         4
 Iskenderun's Mystic Bla  Conj/Tloc      28%        2d7       97%         4
 Blade Hands              Tmut           14%        N/A       100%        5
 Lee's Rapid Deconstruct  Erth           14%        3d10*     100%        5
 Lightning Bolt           Conj/Air       14%        1d27      100%        5
 Discord                  Hex            14%        N/A       100%        8
 Maxwell's Capacitive Co  Air            14%        ∞         100%        8


Dungeon Overview and Level Annotations

Branches:
Dungeon (10/15)            Temple (1/1) D:4         Ossuary (visited)
 Bailey (visited)
   Lair: D:8-11         Orc: D:9-12

Altars:
Ashenzari
Cheibriados
Dithmenos
Elyvilon
Fedhas
Hepliaklqana
Kikubaaqudgha
Makhleb
Nemelex Xobeh
Okawaru
Qazlal
Ru
Sif Muna
Trog
Uskayaw
Vehumet
Wu Jian
Xom
Yredelemnul
Zin
The Shining One

Shops:
D:1 (   D:3 *   D:8 [!!*

Annotations:
D:8 2 transporters, exclusion: oklob plant, xSliceyx's ghost, novice MiFi


Innate Abilities, Weirdness & Mutations

You have very sharp teeth.
Your uncanny sense of smell can sniff out nearby items.
Your experience applies equally to all skills.
You have sharp toenails.
You are partially covered in large bone plates. (SH +4)
You passively map a small area around you.
You do not regenerate when monsters are visible.


Message History

Shoot: C) +1 hand crossbow (freeze)
Press: ? - help, Q - select action, (/) - cycle Shift-Dir - straight line, f/p - skeletal warrior
Aim: a skeletal warrior, wielding a +0 mace (heavily damaged, 59% to hit)
You shoot a bolt.
The bolt closely misses the white ugly thing.
The bolt closely misses the skeletal warrior.
Shoot: C) +1 hand crossbow (freeze)
Press: ? - help, Q - select action, (/) - cycle Shift-Dir - straight line, f/p - skeletal warrior
Aim: a skeletal warrior, wielding a +0 mace (heavily damaged, 59% to hit)
You shoot a bolt.
The bolt hits the white ugly thing but does no damage.
Shoot: C) +1 hand crossbow (freeze)
Press: ? - help, Q - select action, (/) - cycle Shift-Dir - straight line, f/p - skeletal warrior
Aim: a skeletal warrior, wielding a +0 mace (moderately damaged, 59% to hit)
You shoot a bolt.
The bolt hits the skeletal warrior but does no damage.
The skeletal warrior is moderately damaged.
Shoot: C) +1 hand crossbow (freeze)
Press: ? - help, Q - select action, (/) - cycle Shift-Dir - straight line, f/p - skeletal warrior
Aim: a skeletal warrior, wielding a +0 mace (moderately damaged, 59% to hit)
You shoot a bolt.
The bolt barely misses the skeletal warrior.
Unknown command.
Press: ? - help, v - describe, . - travel Some deep water.
You start resting.
HP restored.
A centaur warrior comes into view.
It is wielding a staff of air and quivering silver javelins.
The centaur warrior wields a +0 longbow.
The centaur warrior shoots an arrow.
The arrow hits you!
The centaur warrior shoots an arrow.
You block the arrow.
The centaur warrior shoots an arrow.
You block the arrow.
The centaur warrior shoots an arrow.
The arrow hits you!!
The centaur warrior shoots an arrow.
The arrow hits you.
The centaur warrior shoots an arrow.
The arrow hits you!!
The centaur warrior shoots an arrow.
The arrow hits you!
* * * LOW HITPOINT WARNING * * *
The centaur warrior shoots an arrow.
The arrow hits you!
You die...
Your body glows slightly and disappears.

≈≈≈≈≈≈≈≈≈≈≈≈# ≈
≈≈≈≈≈≈≈≈≈≈≈≈≈≈≈≈≈≈≈≈≈#
≈≈≈≈≈≈≈≈≈≈≈≈≈≈≈≈≈≈≈≈≈≈≈≈≈#
≈≈≈≈≈≈≈≈≈≈≈≈≈≈≈≈≈≈≈≈≈≈≈≈≈≈≈≈≈#
≈≈≈≈≈≈≈≈≈≈≈≈≈≈≈≈≈≈≈≈≈≈≈≈≈≈≈≈≈#
≈≈≈≈≈≈≈≈≈≈≈≈≈≈≈≈≈≈≈≈≈≈≈≈≈≈≈≈≈#
≈≈≈≈≈≈≈≈≈≈≈≈≈≈≈≈≈≈≈≈≈≈≈≈≈≈≈≈≈#
####################≈≈≈≈≈≈≈≈≈#
.........c......@...≈≈≈≈≈≈≈≈≈#
....................≈≈≈≈≈≈≈≈≈#
....................≈≈≈≈≈≈≈≈≈#
.................)..≈≈≈≈≈≈≈≈≈#
....................≈≈≈≈≈≈≈≈≈#
....................≈≈≈≈≈≈≈≈≈#
......$.............≈≈≈≈≈≈≈≈≈#
####################≈≈≈≈≈≈≈≈≈#
≈≈≈≈≈≈≈≈≈≈≈≈≈≈≈≈≈≈≈≈≈≈≈≈≈≈≈≈≈#


You could see a centaur warrior.

Vanquished Creatures
  A rime drake (shapeshifter) (D:13)
  Prince Ribbit (D:6)
  Eustachio (D:6)
  3 humans (D:8)
  3 orc warriors (Bailey)
  A centaur (D:6)
  2 wights
  A howler monkey (D:6)
  2 electric eels
  An iguana (D:6)
  An orc wizard (D:5)
  4 gnolls
  2 adders
  2 adder zombies (Ossuary)
  A worm (D:4)
  10 orcs
  A bat (D:2)
  2 goblins (Bailey)
  A hobgoblin (Bailey)
  A quokka (D:3)
  A ball python (D:4)
  A hobgoblin zombie (Ossuary)
  2 kobolds (D:10)
  A kobold zombie (Ossuary)
46 creatures vanquished.

Vanquished Creatures (collateral kills)
  An orc high priest (Bailey)
  A skeletal warrior (D:13)
  2 orc knights (Bailey)
  A kobold demonologist (Bailey)
  Grinder (D:5)
  3 wyverns (D:9)
  3 humans (D:8)
  A water moccasin (D:7)
  5 orc warriors
  2 ice beasts
  A sky beast (D:6)
  2 black bears
  3 centaurs
  A phantom (D:6)
  A kobold brigand (D:10)
  3 bullfrogs
  A scorpion (D:6)
  2 water moccasin zombies (Ossuary)
  17 wights
  2 howler monkeys (D:7)
  4 electric eels
  4 hounds
  A jelly (D:6)
  3 orc priests
  A gnoll shaman (D:7)
  2 iguanas (D:4)
  4 orc wizards
  3 mummies
  4 adders
  7 gnolls
  5 adder zombies (Ossuary)
  4 dart slugs
  22 orcs
  5 bats
  15 endoplasms
  5 giant cockroaches
  8 gnoll zombies (Ossuary)
  14 goblins
  5 hobgoblins
  5 jackals (D:1)
  6 kobolds
  2 quokkas
  6 ball pythons
  4 frilled lizards
  3 hobgoblin zombies (Ossuary)
  5 kobold zombies
  2 orc zombies (Ossuary)
  10 rats
212 creatures vanquished.

Vanquished Creatures (others)
  4 dancing weapons
  An ice beast (D:5)
  A gnoll sergeant (D:9)
  3 wights
  A gnoll (D:9)
  An orc (D:8)
11 creatures vanquished.

Grand Total: 269 creatures vanquished

Notes
Turn   | Place    | Note
-------+----------+-------------------------------------------
     0 | D:1      | greenreed the Gnoll Summoner began the quest for the Orb.
     0 | D:1      | Reached XP level 1. HP: 13/13 MP: 6/6
    30 | D:1      | Found Qufacrew's Antique Weapon Emporium.
    77 | D:1      | Reached XP level 2. HP: 19/19 MP: 7/7
   291 | D:1      | Reached XP level 3. HP: 25/25 MP: 7/9
   357 | D:1      | Found a faded altar of an unknown god.
   362 | D:1      | Reached skill level 5 in Spellcasting
   574 | D:1      | Learned a level 2 spell: Call Imp
   578 | D:1      | Learned a level 3 spell: Call Canine Familiar
   811 | D:2      | Reached skill level 1 in Invocations
  1126 | D:2      | Reached skill level 1 in Fighting
  1126 | D:2      | Reached skill level 1 in Short Blades
  1126 | D:2      | Reached skill level 1 in Long Blades
  1126 | D:2      | Reached skill level 1 in Axes
  1126 | D:2      | Reached skill level 1 in Maces & Flails
  1126 | D:2      | Reached skill level 1 in Polearms
  1126 | D:2      | Reached skill level 1 in Staves
  1126 | D:2      | Reached skill level 1 in Slings
  1126 | D:2      | Reached skill level 1 in Bows
  1126 | D:2      | Reached skill level 1 in Crossbows
  1126 | D:2      | Reached skill level 1 in Throwing
  1126 | D:2      | Reached skill level 1 in Armour
  1126 | D:2      | Reached skill level 1 in Shields
  1126 | D:2      | Reached skill level 1 in Unarmed Combat
  1126 | D:2      | Reached skill level 1 in Evocations
  1158 | D:2      | Reached XP level 4. HP: 32/32 MP: 1/11
  1351 | D:2      | Identified the +8 hand axe of the Tundras {drain, rN+
                  | rCorr}
  1536 | D:2      | Found a basalt altar of Yredelemnul.
  1864 | D:3      | Found Etier's General Store.
  1877 | D:3      | Bought a scroll of identify for 28 gold pieces
  1877 | D:3      | Bought a scroll of identify for 28 gold pieces
  2010 | D:3      | Found a burning altar of Makhleb.
  2037 | D:3      | Reached skill level 1 in Conjurations
  2037 | D:3      | Reached skill level 1 in Hexes
  2037 | D:3      | Reached skill level 1 in Necromancy
  2037 | D:3      | Reached skill level 1 in Translocations
  2037 | D:3      | Reached skill level 1 in Transmutations
  2037 | D:3      | Reached skill level 1 in Fire Magic
  2037 | D:3      | Reached skill level 1 in Ice Magic
  2037 | D:3      | Reached skill level 1 in Air Magic
  2037 | D:3      | Reached skill level 1 in Earth Magic
  2037 | D:3      | Reached skill level 1 in Poison Magic
  2049 | D:3      | Found a bloodstained altar of Trog.
  2171 | D:3      | Reached XP level 5. HP: 20/37 MP: 4/12
  2330 | D:3      | Identified the +5 dagger of Rokyepp {flame, Dex+4}
  2891 | D:4      | Found a blossoming altar of Fedhas.
  2998 | D:4      | Found a stormy altar of Qazlal.
  3301 | D:4      | Noticed a black bear
  3314 | D:4      | Killed a black bear
  3315 | D:4      | Reached XP level 6. HP: 44/44 MP: 4/14
  3586 | D:1      | Bought a runed hand crossbow for 188 gold pieces
  3746 | D:4      | Reached skill level 5 in Dodging
  3771 | D:4      | Found a staircase to the Ecumenical Temple.
  4015 | Temple   | Entered the Ecumenical Temple
  4037 | Temple   | Became a worshipper of Nemelex Xobeh the Trickster
  4104 | D:5      | Entered Level 5 of the Dungeon
  4130 | D:5      | Noticed an ice beast
  4530 | D:5      | Reached XP level 7. HP: 50/50 MP: 13/15
  4665 | D:5      | Learned a level 3 spell: Summon Guardian Golem
  4819 | D:5      | Noticed Grinder
  4863 | D:5      | Killed Grinder
  4864 | D:5      | Reached skill level 5 in Stealth
  5006 | D:5      | Found a glowing golden altar of the Shining One.
  5404 | D:6      | Reached XP level 8. HP: 53/57 MP: 1/16
  6312 | D:6      | Noticed Eustachio
  6314 | D:6      | Noticed Prince Ribbit
  6334 | D:6      | Killed Eustachio
  6335 | D:6      | Reached XP level 9. HP: 65/65 MP: 10/18
  6399 | D:6      | Reached * piety under Nemelex Xobeh
  6407 | D:6      | Killed Prince Ribbit
  6560 | D:7      | Received a gift from Nemelex Xobeh
  6855 | D:7      | Found a sand-covered staircase.
  6879 | Ossuary  | Entered an ossuary
  6993 | Ossuary  | Learned a level 4 spell: Summon Lightning Spire
  7517 | D:7      | Learned a level 3 spell: Portal Projectile
  7522 | D:7      | Learned a level 3 spell: Tukima's Dance
  7559 | D:7      | Identified the +3 mace of the Known World {drain, rF+ rN+
                  | MP-9 Int+5}
  7589 | D:7      | Reached skill level 5 in Invocations
  7660 | D:8      | Found Zuthuw's Antique Armour Emporium.
  7666 | D:8      | Found Hazu Zumul's Distillery.
  7675 | D:8      | Bought a potion of heal wounds for 60 gold pieces
  7748 | D:8      | Reached ** piety under Nemelex Xobeh
  7784 | D:8      | Found a flagged portal.
  7820 | Bailey   | Entered a bailey
  8634 | Bailey   | Reached XP level 10. HP: 47/73 MP: 14/20
  8698 | Bailey   | Acquired 632 gold pieces
  8761 | Bailey   | Noticed an orc knight
  8773 | Bailey   | Killed an orc knight
  8774 | Bailey   | Reached skill level 5 in Fighting
  8774 | Bailey   | Reached skill level 5 in Short Blades
  8774 | Bailey   | Reached skill level 5 in Long Blades
  8774 | Bailey   | Reached skill level 5 in Axes
  8774 | Bailey   | Reached skill level 5 in Maces & Flails
  8774 | Bailey   | Reached skill level 5 in Polearms
  8774 | Bailey   | Reached skill level 5 in Staves
  8774 | Bailey   | Reached skill level 5 in Slings
  8774 | Bailey   | Reached skill level 5 in Bows
  8774 | Bailey   | Reached skill level 5 in Crossbows
  8774 | Bailey   | Reached skill level 5 in Throwing
  8774 | Bailey   | Reached skill level 5 in Armour
  8774 | Bailey   | Reached skill level 5 in Shields
  8774 | Bailey   | Reached skill level 5 in Unarmed Combat
  8774 | Bailey   | Reached skill level 5 in Evocations
  8829 | Bailey   | Found an iron altar of Okawaru.
  8829 | Bailey   | Noticed an orc high priest
  8829 | Bailey   | Noticed a kobold demonologist
  8830 | Bailey   | Noticed an orc knight
  8834 | Bailey   | Noticed a sun demon
  8839 | Bailey   | Killed an orc knight
  8849 | Bailey   | Killed an orc high priest
  8851 | Bailey   | Killed a kobold demonologist
  9004 | Bailey   | Identified the +0 chain mail of the Frog {Fly rPois rF+
                  | Slay-6}
  9199 | D:8      | Found a shimmering blue altar of Sif Muna.
  9279 | D:8      | Found a broken altar of Ashenzari.
  9282 | D:8      | Found an ancient bone altar of Kikubaaqudgha.
  9283 | D:8      | Found a shadowy altar of Dithmenos.
  9429 | D:8      | Noticed a tengu warrior
  9443 | D:8      | Noticed xSliceyx's ghost (novice MiFi)
  9449 | D:8      | Noticed an oklob plant
  9458 | D:8      | Found a transporter.
  9460 | D:8      | Found a transporter.
  9604 | D:8      | Found Veeraogec's General Store.
  9660 | D:8      | Bought 2 scrolls of identify for 52 gold pieces
  9750 | D:8      | Found Gaheifu's Distillery.
  9755 | D:8      | Bought a potion of flight for 36 gold pieces
  9918 | D:3      | Bought a book of Hexes for 504 gold pieces
  9923 | D:3      | Learned a level 3 spell: Inner Flame
 10546 | D:9      | Reached XP level 11. HP: 66/81 MP: 15/22
 10720 | D:9      | Received a gift from Nemelex Xobeh
 10968 | D:9      | Gained mutation: You are somewhat resistant to further
                  | mutation. [potion of mutation]
 10968 | D:9      | Gained mutation: You are partially covered in iridescent
                  | scales. (AC +2) [potion of mutation]
 10969 | D:9      | Lost mutation: You are somewhat resistant to further
                  | mutation. [potion of mutation]
 10969 | D:9      | Lost mutation: You are partially covered in iridescent
                  | scales. (AC +2) [potion of mutation]
 10969 | D:9      | Gained mutation: You do not regenerate when monsters are
                  | visible. [potion of mutation]
 10969 | D:9      | Gained mutation: Your body sometimes deteriorates upon
                  | taking damage. [potion of mutation]
 10969 | D:9      | Gained mutation: Your flesh is heat resistant. (rF+)
                  | [potion of mutation]
 10970 | D:9      | Lost mutation: Your flesh is heat resistant. (rF+) [potion
                  | of mutation]
 10970 | D:9      | Lost mutation: Your body sometimes deteriorates upon taking
                  | damage. [potion of mutation]
 10970 | D:9      | Gained mutation: You passively map a small area around you.
                  | [potion of mutation]
 10970 | D:9      | Gained mutation: You have sharp toenails. [potion of
                  | mutation]
 10970 | D:9      | Gained mutation: You are partially covered in large bone
                  | plates. (SH +4) [potion of mutation]
 11009 | D:9      | Found a glowing silver altar of Zin.
 11171 | D:9      | Reached *** piety under Nemelex Xobeh
 11326 | D:9      | Reached skill level 5 in Conjurations
 11326 | D:9      | Reached skill level 5 in Hexes
 11326 | D:9      | Reached skill level 5 in Necromancy
 11326 | D:9      | Reached skill level 5 in Translocations
 11326 | D:9      | Reached skill level 5 in Transmutations
 11326 | D:9      | Reached skill level 5 in Fire Magic
 11326 | D:9      | Reached skill level 5 in Ice Magic
 11326 | D:9      | Reached skill level 5 in Air Magic
 11326 | D:9      | Reached skill level 5 in Earth Magic
 11326 | D:9      | Reached skill level 5 in Poison Magic
 12199 | D:10     | Entered Level 10 of the Dungeon
 12498 | D:10     | You fall into a shaft and drop 3 floors!
 12499 | D:13     | Noticed a skeletal warrior
 12548 | D:13     | Killed a skeletal warrior
 12564 | D:13     | Noticed a skeletal warrior
 12564 | D:13     | Noticed a skeletal warrior
 12565 | D:13     | Noticed a skeletal warrior
 12566 | D:13     | Noticed a white ugly thing
 12909 | D:13     | Noticed a centaur warrior
 12920 | D:13     | Shot with an arrow by a centaur warrior

Illustrated notes

Levels and vault maps discovered:
D:1:      minmay_arrival_checkered_box, layout_rooms,
          hellmonk_ecumenical_altar_dog_temple, serial_shops, shop,
          minmay_ruptured
D:2:      minmay_inner_zag, layout_basic, basic_altar
D:3:      minmay_wonky_spiral, layout_loops_cross, mainiacjoe_overflow_chevrons,
          bloody_makhleb, serial_shops, shop
D:4:      layout_loops_ring, lemuel_doored_altar, lemuel_crystal_altar,
          minmay_temple_entry_ruins, kennysheep_potato
D:5:      layout_loops_ring, nicolae_overflow_hidden_temple, uniq_grinder
D:6:      layout_rooms, uniq_eustachio, uniq_prince_ribbit1
D:7:      layout_rooms, nicolae_ossuary_entry_giza, minivault_14, minivault_14
D:8:      layout_basic, mainiacjoe_overflow_alcove_3, enter_bailey_7,
          nzn_ghost_randoct, serial_shops,
          nicolae_shop_temple_entry_statues_fountains,
          nicolae_shop_hallway_plus, nicolae_shop_statue_plus, shop,
          minmay_ruffians
D:9:      layout_stronghold, mainiacjoe_overflow_24_doors
D:10:     layout_basic, amcnicky_altar_gilded, trove_entry_hex_spiral,
          uniq_joseph
D:13:     layout_cross, st_stairs_12, kennysheep_treasure_room
Temple:   minmay_freezing_vapour_temple

Skill      XL: |  1  2  3  4  5  6  7  8  9 10 11 |
---------------+----------------------------------+-----
Spellcasting   | 5 6 7 8 |  8.1
Invocations    | 1 2 3 4 5 6 |  6.8
Fighting       | 1 2 3 4 5 6 |  6.2
Short Blades   | 1 2 3 4 5 6 |  6.2
Long Blades    | 1 2 3 4 5 6 |  6.2
Axes           | 1 2 3 4 5 6 |  6.2
Maces & Flails | 1 2 3 4 5 6 |  6.2
Polearms       | 1 2 3 4 5 6 |  6.2
Staves         | 1 2 3 4 5 6 |  6.2
Slings         | 1 2 3 4 5 6 |  6.2
Bows           | 1 2 3 4 5 6 |  6.2
Crossbows      | 1 2 3 4 5 6 |  6.2
Throwing       | 1 2 3 4 5 6 |  6.2
Armour         | 1 2 3 4 5 6 |  6.2
Shields        | 1 2 3 4 5 6 |  6.2
Unarmed Combat | 1 2 3 4 5 6 |  6.2
Evocations     | 1 2 3 4 5 6 |  6.2
Conjurations   | 1 2 3 4 5 |  5.1
Hexes          | 1 2 3 4 5 |  5.1
Necromancy     | 1 2 3 4 5 |  5.1
Translocations | 1 2 3 4 5 |  5.1
Transmutations | 1 2 3 4 5 |  5.1
Fire Magic     | 1 2 3 4 5 |  5.1
Ice Magic      | 1 2 3 4 5 |  5.1
Air Magic      | 1 2 3 4 5 |  5.1
Earth Magic    | 1 2 3 4 5 |  5.1
Poison Magic   | 1 2 3 4 5 |  5.1
Dodging        | 5 6 7 |  7.8
Stealth        | 5 6 7 |  7.6
Summonings     | 8 |  8.9

Action                   |  1- 3 |  4- 6 |  7- 9 | 10-12 || total
-------------------------+-------+-------+-------+-------++-------
Melee: Unarmed           |     2 |       |       |       ||     2
       Hand axe          |       |    12 |    55 |    52 ||   119
       Quarterstaff      |       |     3 |       |       ||     3
       Hand crossbow     |       |     5 |       |       ||     5
       Bite              |       |       |     6 |     4 ||    10
       Punch             |       |       |     1 |     3 ||     4
 Fire: Hand crossbow     |       |    14 |    37 |    77 ||   128
Throw: Javelin           |       |     1 |       |       ||     1
 Cast: Summon Small Mamm |    46 |    28 |     9 |     1 ||    84
       Call Canine Famil |     2 |    21 |    52 |    24 ||    99
       Call Imp          |     1 |    13 |    51 |    26 ||    91
       Summon Guardian G |       |       |     3 |     6 ||     9
       Tukima's Dance    |       |       |     6 |     6 ||    12
       Portal Projectile |       |       |     3 |     4 ||     7
       Summon Lightning  |       |       |       |    15 ||    15
  Use: Scroll            |       |     6 |     5 |     5 ||    16
       Potion            |       |       |     1 |     4 ||     5
 Stab: Distracted        |       |     1 |     1 |       ||     2
       Sleeping          |       |       |       |     1 ||     1
Armor: Robe              |     3 |    13 |    15 |     3 ||    34
       Chain mail        |       |       |       |     6 ||     6
Dodge: Dodged            |    10 |    23 |    70 |    47 ||   150
Block: Other             |       |       |       |     5 ||     5

Table legend: (Time is in decaauts)
 A = Elapsed time spent in this place.
 B = Non-inter-level travel time spent in this place.
 C = Inter-level travel time spent in this place.
 D = Time resting spent in this place.
 E = Time spent auto-exploring this place.
 F = Levels seen in this place.
 G = Mean time per level.
                   A        B        C        D        E       F      G
               +--------+--------+--------+--------+--------+-----+--------+
         Total |  12998 |  12000 |    998 |   1448 |   6790 |  14 |  928.4 |
       Dungeon |  11276 |  10282 |    994 |    863 |   6469 |  11 | 1025.1 |
        Temple |     27 |     23 |      4 |      0 |      0 |   1 |   27.0 |
       Ossuary |    333 |    333 |      0 |     49 |     35 |   1 |  333.0 |
        Bailey |   1360 |   1360 |      0 |    536 |    285 |   1 | 1360.0 |
               +--------+--------+--------+--------+--------+-----+--------+

Top non-repeatable levels by time:
     D:9: 1754 daAuts
     D:5: 1372 daAuts
  Bailey: 1360 daAuts
     D:3: 1264 daAuts
     D:8: 1261 daAuts
     D:4: 1252 daAuts
     D:2: 996 daAuts
     D:6: 962 daAuts
     D:1: 876 daAuts
     D:7: 773 daAuts
    D:13: 461 daAuts
 Ossuary: 333 daAuts
    D:10: 301 daAuts
  Temple: 27 daAuts
